[ AOE2 MATCH · #479211835 ]
1v1 RMDravidians vs Burmese
Rival team · LOSS
[ REPLAY ANALYSIS · EXTRACTED FROM THE RECORDED GAME ]
Feudal
13:42
Castle
22:06
Imperial
37:10
| APM avg | 29.7 |
| APM peak | 84 |
| eAPM avg | 22.9 |
| Villagers / military | 152 / 84 |
Focus
⚔️ 37.6% · 🌾 62.4%
Urumi Swordsman ×38 · Fishing Ship ×29 · Monk ×9 · Petard ×9 · Demolition Raft ×8 · Trebuchet (Packed) ×7
Feudal
12:19
Castle
24:13
Imperial
42:48
| APM avg | 45.0 |
| APM peak | 98 |
| eAPM avg | 18.8 |
| Villagers / military | 98 / 59 |
Focus
⚔️ 31.7% · 🌾 68.3%
Arambai ×34 · Unknown (2626) ×10 · Petard ×9 · Scout Cavalry ×6 · Battering Ram ×5 · Fire Galley ×4
Match map
Initial resources + every placement click. Lines = walls · curves = elevation contours. ◆ gold · ⬟ stone · ● berries · ✦ relic · ◌ wall gap
Your base· Open — unwalled flank
[Knusper] sycane's base· Open — 7t gap
Smoothed initial terrain · ◌ = detected wall gap · hover for details
Inputs per minute
— RedRiccardo - - [Knusper] sycane
Build order — RedRiccardo
First 150 of 308 actions detected
| 0:05 | Build | Town Center |
| 0:38 | Build | Dock |
| 1:01 | Build | House |
| 2:13 | Create | Villager (Male) ×4 |
| 3:16 | Create | Fishing Ship |
| 3:42 | Build | House |
| 3:45 | Create | Villager (Male) |
| 3:59 | Research | Loom |
| 4:26 | Create | Fishing Ship |
| 5:10 | Create | Villager (Male) |
| 5:24 | Create | Fishing Ship |
| 5:27 | Create | Villager (Male) |
| 6:05 | Create | Villager (Male) |
| 6:05 | Create | Villager (Male) |
| 6:27 | Create | Fishing Ship |
| 6:29 | Create | Villager (Male) |
| 6:42 | Create | Villager (Male) |
| 6:57 | Create | Villager (Male) |
| 7:03 | Create | Fishing Ship |
| 7:21 | Create | Villager (Male) |
| 7:24 | Build | House |
| 7:50 | Create | Villager (Male) |
| 7:56 | Create | Villager (Male) |
| 8:01 | Create | Villager (Male) |
| 8:03 | Create | Fishing Ship |
| 8:14 | Create | Villager (Male) |
| 8:24 | Create | Villager (Male) |
| 8:47 | Build | Dock |
| 9:01 | Create | Fishing Ship |
| 9:25 | Create | Fishing Ship |
| 9:28 | Create | Villager (Male) |
| 9:42 | Create | Fishing Ship |
| 9:47 | Create | Villager (Male) |
| 10:08 | Build | Palisade Wall |
| 10:14 | Build | Dock |
| 10:28 | Create | Villager (Male) |
| 10:36 | Create | Fishing Ship |
| 10:45 | Build | House |
| 11:07 | Create | Villager (Male) |
| 11:11 | Build | Mill |
| 11:20 | Create | Fishing Ship |
| 11:32 | Research | Feudal Age |
| 11:59 | Create | Fishing Ship |
| 12:01 | Create | Fishing Ship |
| 12:07 | Create | Fishing Ship |
| 12:13 | Create | Villager (Male) |
| 12:18 | Create | Villager (Male) |
| 12:31 | Build | Mining Camp |
| 13:00 | Build | House |
| 13:11 | Create | Fishing Ship |
| 13:42 | Age | Feudal Age |
| 13:43 | Create | Villager (Male) |
| 13:49 | Build | Lumber Camp |
| 13:57 | Create | Unit 2626 ×3 |
| 14:08 | Create | Villager (Male) |
| 14:16 | Create | Villager (Male) |
| 14:17 | Research | Double-Bit Axe |
| 14:25 | Build | House |
| 14:35 | Research | Tech 906 |
| 14:48 | Create | Villager (Male) |
| 14:48 | Create | Villager (Male) |
| 14:59 | Create | Unit 2626 |
| 15:25 | Create | Fire Galley |
| 15:48 | Build | Barracks |
| 15:49 | Create | Villager (Male) |
| 15:49 | Create | Villager (Male) |
| 16:08 | Create | Villager (Male) |
| 16:16 | Create | Villager (Male) |
| 16:16 | Create | Villager (Male) |
| 16:27 | Create | Demolition Raft |
| 16:42 | Create | Villager (Male) |
| 16:44 | Create | Spearman |
| 16:47 | Create | Spearman |
| 16:56 | Build | Dock |
| 17:19 | Create | Villager (Male) |
| 17:23 | Research | Wheelbarrow |
| 17:27 | Build | Blacksmith |
| 18:09 | Create | Demolition Raft |
| 18:39 | Create | Villager (Male) |
| 18:39 | Create | Villager (Male) |
| 18:43 | Build | Market |
| 18:44 | Build | Mining Camp |
| 18:46 | Create | Spearman |
| 18:53 | Research | Town Watch |
| 19:16 | Build | Palisade Wall |
| 19:26 | Research | Castle Age |
| 19:27 | Build | Palisade Wall |
| 19:30 | Build | Palisade Wall |
| 19:33 | Build | Palisade Wall |
| 19:39 | Create | Villager (Male) |
| 19:40 | Create | Militia |
| 19:40 | Create | Militia |
| 19:41 | Create | Militia |
| 19:47 | Build | House |
| 19:52 | Build | Palisade Wall |
| 19:57 | Create | Villager (Male) |
| 19:57 | Create | Villager (Male) |
| 19:59 | Build | Lumber Camp |
| 20:00 | Create | Spearman |
| 20:04 | Research | Forging |
| 20:04 | Research | Scale Mail Armor |
| 20:11 | Build | Dock |
| 20:18 | Create | Demolition Raft |
| 20:24 | Build | Dock |
| 20:29 | Create | Villager (Male) |
| 20:29 | Create | Villager (Male) |
| 20:51 | Create | Demolition Raft |
| 21:10 | Create | Villager (Male) |
| 21:11 | Create | Villager (Male) |
| 21:18 | Create | Demolition Raft |
| 21:20 | Create | Demolition Raft |
| 21:37 | Create | Villager (Male) |
| 22:06 | Age | Castle Age |
| 22:14 | Create | Demolition Raft |
| 22:18 | Research | Gillnets |
| 22:26 | Build | Town Center |
| 22:37 | Create | Villager (Male) |
| 22:37 | Create | Villager (Male) |
| 22:38 | Research | Bow Saw |
| 22:54 | Create | Villager (Male) |
| 22:54 | Create | Villager (Male) |
| 23:23 | Create | Fishing Ship |
| 23:24 | Create | Fishing Ship |
| 23:41 | Create | Demolition Raft |
| 24:03 | Research | Hand Cart |
| 24:05 | Create | Villager (Male) ×5 |
| 24:29 | Build | Castle |
| 24:36 | Create | Villager (Male) ×3 |
| 24:40 | Build | House |
| 24:46 | Create | Villager (Male) |
| 24:47 | Create | Villager (Male) |
| 24:49 | Build | House |
| 25:00 | Research | Fletching |
| 25:06 | Create | Villager (Male) |
| 25:29 | Build | Mining Camp |
| 25:38 | Create | Petard |
| 25:38 | Create | Petard |
| 25:44 | Create | Villager (Male) |
| 25:44 | Create | Villager (Male) |
| 25:56 | Create | Villager (Male) |
| 25:56 | Create | Villager (Male) |
| 26:02 | Create | Petard |
| 26:02 | Create | Petard |
| 26:19 | Build | Dock |
| 26:30 | Create | Petard |
| 26:47 | Build | Town Center |
| 26:53 | Create | Villager (Male) |
| 26:53 | Create | Villager (Male) |
| 26:53 | Create | Villager (Male) |
| 27:02 | Create | Petard |
Build order — [Knusper] sycane
First 150 of 251 actions detected
| 0:18 | Build | Town Center |
| 0:44 | Build | House |
| 0:47 | Build | Dock |
| 2:27 | Create | Villager (Male) |
| 2:27 | Create | Villager (Male) |
| 2:42 | Create | Villager (Male) |
| 2:47 | Create | Villager (Male) |
| 3:32 | Create | Fishing Ship |
| 3:54 | Create | Villager (Male) |
| 4:19 | Build | House |
| 4:56 | Create | Villager (Male) |
| 5:22 | Create | Fishing Ship |
| 5:23 | Create | Villager (Male) |
| 5:44 | Create | Villager (Male) |
| 6:00 | Build | House |
| 6:12 | Create | Villager (Male) |
| 6:12 | Create | Villager (Male) |
| 6:54 | Create | Villager (Male) |
| 7:19 | Create | Fishing Ship |
| 7:20 | Create | Villager (Male) |
| 7:48 | Research | Loom |
| 7:52 | Create | Villager (Male) |
| 7:53 | Research | Loom |
| 7:55 | Build | House |
| 8:32 | Create | Villager (Male) |
| 8:45 | Build | Mill |
| 8:47 | Create | Villager (Male) |
| 9:18 | Create | Fishing Ship |
| 9:37 | Create | Villager (Male) |
| 10:09 | Research | Feudal Age |
| 10:37 | Build | Barracks |
| 11:04 | Build | Mill |
| 11:22 | Build | House |
| 11:31 | Build | House |
| 12:06 | Create | Villager (Male) |
| 12:19 | Age | Feudal Age |
| 12:23 | Build | Stable |
| 12:32 | Build | House |
| 12:34 | Create | Villager (Male) |
| 12:55 | Build | Mining Camp |
| 12:59 | Create | Villager (Male) |
| 13:26 | Create | Unit 2626 |
| 13:30 | Create | Villager (Male) |
| 13:40 | Create | Villager (Male) |
| 13:42 | Create | Scout Cavalry |
| 13:42 | Create | Scout Cavalry |
| 14:04 | Build | Blacksmith |
| 14:09 | Create | Scout Cavalry |
| 14:14 | Build | House |
| 14:25 | Create | Fire Galley |
| 14:26 | Create | Villager (Male) |
| 14:47 | Create | Villager (Male) |
| 14:56 | Create | Unit 2626 |
| 15:02 | Create | Villager (Male) |
| 15:06 | Create | Scout Cavalry |
| 15:28 | Build | House |
| 15:32 | Create | Villager (Male) |
| 15:49 | Create | Unit 2626 |
| 15:54 | Create | Villager (Male) |
| 15:57 | Create | Scout Cavalry |
| 16:09 | Create | Unit 2626 |
| 16:11 | Create | Villager (Male) |
| 16:42 | Create | Unit 2626 |
| 16:47 | Create | Villager (Male) |
| 16:53 | Build | House |
| 17:01 | Create | Scout Cavalry |
| 17:03 | Create | Villager (Male) |
| 17:18 | Create | Villager (Male) |
| 17:36 | Create | Unit 2626 |
| 18:06 | Create | Villager (Male) |
| 18:13 | Create | Fire Galley |
| 18:20 | Build | Farm |
| 18:23 | Build | Farm |
| 18:23 | Research | Horse Collar |
| 18:26 | Build | Farm |
| 18:26 | Build | Farm |
| 18:26 | Build | Farm |
| 18:45 | Build | Dock |
| 18:48 | Create | Villager (Male) |
| 18:50 | Create | Villager (Male) |
| 19:24 | Create | Villager (Male) |
| 19:27 | Build | Farm |
| 19:28 | Create | Villager (Male) |
| 19:37 | Create | Unit 2626 |
| 19:37 | Create | Fire Galley |
| 19:45 | Build | Farm |
| 19:46 | Create | Villager (Male) |
| 20:02 | Create | Unit 2626 |
| 20:04 | Create | Fire Galley |
| 20:27 | Build | Farm |
| 20:58 | Create | Villager (Male) |
| 21:23 | Create | Unit 2626 |
| 21:24 | Create | Unit 2626 |
| 21:25 | Create | Villager (Male) |
| 21:33 | Research | Castle Age |
| 21:45 | Build | Mining Camp |
| 21:48 | Build | Lumber Camp |
| 23:29 | Build | Market |
| 24:13 | Age | Castle Age |
| 24:44 | Build | Castle |
| 25:37 | Create | Petard |
| 25:37 | Create | Petard |
| 25:38 | Create | Petard |
| 25:46 | Create | Villager (Male) |
| 25:46 | Create | Villager (Male) |
| 26:07 | Build | Lumber Camp |
| 26:19 | Create | Petard |
| 26:23 | Create | Villager (Male) |
| 26:34 | Create | Petard |
| 26:49 | Research | Fletching |
| 26:55 | Create | Petard |
| 26:56 | Create | Villager (Male) |
| 27:11 | Create | Petard |
| 27:19 | Create | Villager (Male) |
| 27:28 | Build | Town Center |
| 27:31 | Create | Villager (Male) |
| 27:50 | Research | Bodkin Arrow |
| 27:54 | Create | Petard |
| 28:09 | Create | Petard |
| 28:18 | Create | Villager (Male) |
| 28:18 | Create | Villager (Male) |
| 28:18 | Create | Villager (Male) |
| 28:18 | Create | Villager (Male) |
| 29:14 | Create | Arambai |
| 29:19 | Create | Arambai |
| 29:23 | Create | Villager (Male) |
| 29:27 | Build | Farm |
| 29:27 | Build | Farm |
| 29:34 | Create | Villager (Male) |
| 30:01 | Build | Siege Workshop |
| 30:18 | Create | Villager (Male) |
| 30:18 | Create | Villager (Male) |
| 30:18 | Create | Villager (Male) |
| 30:19 | Create | Villager (Male) |
| 30:53 | Create | Villager (Male) |
| 30:55 | Research | Gold Mining |
| 31:16 | Create | Villager (Male) |
| 31:17 | Create | Villager (Male) |
| 31:26 | Create | Arambai |
| 31:48 | Build | Castle |
| 32:04 | Build | Castle |
| 32:11 | Create | Arambai |
| 32:13 | Create | Villager (Male) |
| 32:13 | Create | Villager (Male) |
| 32:14 | Create | Villager (Male) |
| 32:14 | Create | Villager (Male) |
| 32:17 | Create | Villager (Male) |
| 32:17 | Create | Villager (Male) |
| 32:43 | Create | Villager (Male) |
| 32:43 | Create | Villager (Male) |
Match timeline
| 0:38 | RedRiccardo · first_building Dock |
| 0:47 | [Knusper] sycane · first_building Dock |
| 10:08 | RedRiccardo · wall_segment Palisade Wall x1 |
| 10:37 | [Knusper] sycane · first_building Barracks |
| 12:19 | [Knusper] sycane · age_up feudal |
| 12:23 | [Knusper] sycane · first_building Stable |
| 13:42 | RedRiccardo · age_up feudal |
| 15:48 | RedRiccardo · first_building Barracks |
| 19:16 | RedRiccardo · wall_segment Palisade Wall x1 |
| 19:24 | RedRiccardo · first_market_sell 100 food |
| 19:27 | RedRiccardo · wall_segment Palisade Wall x1 |
| 19:30 | RedRiccardo · wall_segment Palisade Wall x1 |
| 19:33 | RedRiccardo · wall_segment Palisade Wall x1 |
| 19:52 | RedRiccardo · wall_segment Palisade Wall x9 |
| 22:06 | RedRiccardo · age_up castle |
| 24:13 | [Knusper] sycane · age_up castle |
| 24:20 | RedRiccardo · first_market_buy 100 stone |
| 24:29 | RedRiccardo · first_building Castle |
| 24:39 | [Knusper] sycane · first_market_buy 100 stone |
| 24:44 | [Knusper] sycane · first_building Castle |
| 30:01 | [Knusper] sycane · first_building Siege Workshop |
| 31:12 | RedRiccardo · first_building Monastery |
| 37:10 | RedRiccardo · age_up imperial |
| 38:41 | RedRiccardo · first_building Siege Workshop |
| 42:48 | [Knusper] sycane · age_up imperial |
| 46:54 | [Knusper] sycane · resign |
[ AI ANALYSIS · 1 CREDIT ]
What really happened in this match?
Wolo.gg analyzes every decision: build order, eco, micro, common mistakes by bracket. Personalized analysis on WhatsApp or Discord in 30 seconds.
Civ guide
Dravidians
Map guide
Nomad
Perfil
Jugador #226230